 Dungeon Crawl Stone Soup version 0.32-a0-932-g546787307d (webtiles) character file.

Game seed: 15068958358444212626

2310 Chimkentus the Apothecary (level 9, -1/78 HPs)
             Began as an Octopode Alchemist on Apr 14, 2024.
             Was a Believer of Fedhas.
             Slain by a warg (2 damage)
             ... on level 8 of the Dungeon.
             The game lasted 00:31:04 (8290 turns).

Chimkentus the Apothecary (Octopode Alchemist)      Turns: 8290, Time: 00:31:05

Health: -1/78      AC: 24    Str: 13    XL:     9   Next: 41%
Magic:  13/26      EV:  2    Int: 22    God:    Fedhas [**....]
Gold:   297        SH:  5    Dex: 12    Spells: 7/19 levels left

rFire   . . .        t - +4 scythe
rCold   . . .        (shield currently unavailable)
rNeg    . . .        (helmet currently unavailable)
rPois   +            w - amulet of reflection
rElec   .            o - ring of magical power
rCorr   .            g - +6 ring of strength
SInv    .            (no ring)
Will    .....        (no ring)
Stlth   +++          (no ring)
HPRegen 0.33/turn    (no ring)
MPRegen 0.20/turn    (no ring)
                     (no ring)

%: reflection
@: brilliant, tree-form, attractive
A: stationary, stasis, torment immunity, boosted hp, almost no armour,
(amphibious), 8 rings, (camouflage 1), (gelatinous body 1), (nimble swimmer 1),
(tentacles)
a: Renounce Religion, Wall of Briars


You were on level 8 of the Dungeon.
You worshipped Fedhas.
Fedhas was pleased with you.
You were a tree.
You visited 2 branches of the dungeon, and saw 9 of its levels.

You collected 577 gold pieces.
You spent 280 gold pieces at shops.

Inventory:

Hand Weapons
 r - a +4 heavy dire flail
 t - a +4 scythe (weapon)
Missiles
 p - 16 javelins
 q - 7 boomerangs
 u - 6 curare-tipped darts (quivered)
Jewellery
 g - a +6 ring of strength (right branch)
 j - an amulet of guardian spirit
 o - a ring of magical power (left branch)
 w - an amulet of reflection (around neck)
Wands
 s - a wand of acid (2)
 v - a wand of roots (24)
Scrolls
 d - a scroll of noise
 h - a scroll of immolation
 m - 5 scrolls of teleportation
 x - a scroll of revelation
Potions
 a - 2 potions of magic
 b - a potion of enlightenment
 c - a potion of curing
 f - a potion of haste
 i - 4 potions of mutation
 l - 2 potions of lignification
 n - a potion of ambrosia {unknown}


   Skills:
 + Level 0.7 Fighting
 + Level 3.2 Polearms
 + Level 2.8 Dodging
 + Level 5.0 Stealth
 + Level 0.5 Unarmed Combat
 + Level 5.6 Spellcasting
 + Level 4.9 Conjurations
 * Level 2.0 Translocations
 + Level 2.2 Air Magic
 + Level 7.8 Alchemy
 * Level 2.9 Invocations
 + Level 0.5 Evocations


You had 7 spell levels left.
You knew the following spells:

 Your Spells              Type           Power      Damage    Failure   Level
a - Sting                 Conj/Alch      100%       1d9       1%          1
b - Mephitic Cloud        Conj/Alch/Air  42%        N/A       3%          3
c - Olgreb's Toxic Radia  Alch           57%        N/A       3%          4
d - Iskenderun's Mystic Conj/Tloc 32%            2d8        (+2d4     22%         4

Your spell library contained the following spells:

 Spells                   Type           Power      Damage    Failure   Level
 Mercury Vapours          Alch/Air       84%        N/A       1%          2
 Foxfire                  Conj/Fire      100%       2x1d9     3%          1
 Fulminant Prism          Conj/Alch      25%        3d14      7%          4
 Volatile Blastmotes      Fire/Tloc      32%        2d12      19%         3
 Sticky Flame             Fire/Alch      35%        2d7       19%         4
 Starburst                Conj/Fire      12%        6d5       99%         6
 Plasma Beam              Fire/Air       8%         2x1d18    100%        6


Dungeon Overview and Level Annotations

Branches:
Dungeon (8/15)             Temple (1/1) D:6
   Lair: D:8-11

Altars:
Ashenzari
Cheibriados
Dithmenos
Elyvilon
Fedhas
Gozag
Hepliaklqana
Kikubaaqudgha
Makhleb
Nemelex Xobeh
Okawaru
Qazlal
Ru
Sif Muna
Trog
Uskayaw
Vehumet
Wu Jian
Xom
Yredelemnul
Zin
The Shining One

Shops:
D:4 =

Annotations:
D:5 2 transporters, koorschki's ghost, novice DsHu
D:7 exclusion: ice beast


Innate Abilities, Weirdness & Mutations

You are a tree.
Your roots penetrate the ground, keeping you stationary.
You cannot be teleported.
You are immune to unholy pain and torment.
Your maximum health is greatly increased.
You cannot wear most types of armour.
((You are amphibious.))
You can wear up to eight rings at the same time.
((Your skin changes colour to match your surroundings (Stealth+).))
((Your rubbery body absorbs attacks. (AC +1, EV +1)))
((You are camouflaged when in or above water. (Stealth+)))
((You have tentacles for arms and can constrict up to eight enemies at once.))


Message History

You block the warg's attack. The warg bites you!!
Unknown command.
A briar patch grows up from the ground. x2; The warg misses you.
The warg bites you!!
* * * LOW HITPOINT WARNING * * *
You wriggle carefully through the plants.
The warg attacks as it pursues you! The warg barely misses you.
You block the warg's attack. The warg bites your briar patch!!
Your briar patch is destroyed!
Your briar patch disappears in a puff of smoke!
There is a stone staircase leading up here.
It was a potion of attraction.
You feel attractive to monsters. The warg barely misses you.
A kobold brigand comes into view.
It is wielding a +0 dagger and quivering poisoned darts.
The kobold brigand is attracted toward you.
It was a potion of brilliance.
You feel clever all of a sudden. The warg barely misses you.
The warg misses you.
You turn into a tree.
Your roots penetrate the ground.
The sky beast looks more healthy.
The warg bites you but does no damage.
Unknown command.
Casting: Olgreb's Toxic Radiance (dangerous; 3% risk of failure)
Confirm with . or Enter, or press ? or * to list all spells.
Aiming: Mephitic Cloud (dangerous; 3% risk of failure)
Press: ? - help, Shift-Dir - straight line, f - warg
Aim: a warg (ally target, not susceptible)
You feel a surge of power!
The ball explodes into a vile cloud!
The stinking cloud engulfs the warg.
The stinking cloud engulfs the sky beast.
The sky beast is heavily wounded.
The stinking cloud engulfs you.
You hear a shout!
The warg bites you!
* * * LOW HITPOINT WARNING * * *
The sky beast is engulfed in noxious fumes.
The sky beast appears confused.
The warg bites you.
You die...
Fedhas appreciates your contribution to the ecosystem.

#.########.##..
#..PKYh♣.......
###§##########>
#. #. .##### Y.
..<..# ..
####)# [..
#.Y.......
#.#.....o


You could see a warg (ally target), a sky beast (confused) and a kobold brigand.

Vanquished Creatures
  Sigmund (D:5)
  A wyvern (D:5)
  A steam dragon (D:6)
  Edmund (D:5)
  An orc warrior (D:7)
  3 black bears
  A sky beast (D:6)
  2 wolves (D:8)
  A kobold brigand (D:7)
  A bullfrog (D:7)
  A scorpion (D:4)
  5 killer bees (D:7)
  An electric eel (D:6)
  A howler monkey (D:4)
  2 quasits (D:6)
  A jelly (D:6)
  2 bombardier beetles
  An orc priest (D:8)
  2 hounds
  2 iguanas
  2 orc wizards
  11 adders
  5 shadow imps (D:6)
  3 white imps
  7 ufetubi
  The ghost of flt the Trooper, a weakling OnDe (D:6)
  A dart slug (D:2)
  16 orcs
  5 endoplasms
  3 giant cockroaches
  4 goblins
  10 hobgoblins
  2 quokkas
  6 ball pythons
  5 bats
  5 frilled lizards
  9 kobolds
  5 rats
131 creatures vanquished.

Vanquished Creatures (others)
  A bullfrog (D:6)
  A sleepcap (D:6)
2 creatures vanquished.

Grand Total: 133 creatures vanquished

Notes
Turn   | Place    | Note
-------+----------+-------------------------------------------
     0 | D:1      | Chimkentus the Octopode Alchemist began the quest for the
                  | Orb.
     0 | D:1      | Reached XP level 1. HP: 11/11 MP: 3/3
   192 | D:1      | Reached XP level 2. HP: 15/17 MP: 1/5
   435 | D:1      | Found a faded altar of an unknown god.
   822 | D:1      | Reached XP level 3. HP: 21/21 MP: 3/6
   826 | D:1      | Learned a level 3 spell: Mephitic Cloud
  1773 | D:2      | Reached XP level 4. HP: 27/27 MP: 4/8
  2050 | D:3      | Reached skill level 4 in Alchemy
  2737 | D:3      | Reached XP level 5. HP: 28/31 MP: 5/9
  2859 | D:3      | Found an ancient bone altar of Kikubaaqudgha.
  2859 | D:3      | Found a radiant altar of Vehumet.
  2859 | D:3      | Found a hide-covered altar of Uskayaw.
  2859 | D:3      | Found a sparkling altar of Nemelex Xobeh.
  2885 | D:3      | Found an iron altar of Okawaru.
  2890 | D:3      | Found a shadowy altar of Dithmenos.
  3157 | D:3      | Learned a level 4 spell: Olgreb's Toxic Radiance
  3235 | D:4      | Noticed a black bear
  3246 | D:4      | Killed a black bear
  3427 | D:4      | Reached XP level 6. HP: 36/36 MP: 4/11
  3564 | D:4      | Noticed a black bear
  3573 | D:4      | Killed a black bear
  3859 | D:4      | Found Raposuum's Jewellery Shop.
  3868 | D:4      | Bought a ring of magical power for 280 gold pieces
  3978 | D:4      | Identified the +1 robe of Hadjma {*Corrode rPois MP+9
                  | Int+3}
  4028 | D:4      | Reached skill level 5 in Alchemy
  4171 | D:4      | Reached XP level 7. HP: 41/41 MP: 13/13
  4442 | D:5      | Entered Level 5 of the Dungeon
  4457 | D:5      | Noticed Sigmund
  4540 | D:5      | Noticed a wyvern
  4553 | D:5      | Killed a wyvern
  4554 | D:5      | Reached skill level 1 in Air Magic
  4656 | D:5      | Found a blossoming altar of Fedhas.
  4705 | D:5      | Noticed Edmund
  4724 | D:5      | Killed Edmund
  4725 | D:5      | Reached skill level 6 in Alchemy
  4725 | D:5      | Reached XP level 8. HP: 21/46 MP: 10/14
  4890 | D:5      | Became a worshipper of Fedhas Madash
  4907 | D:5      | Killed Sigmund
  4908 | D:5      | Reached skill level 1 in Invocations
  5059 | D:5      | Found a transporter.
  5060 | D:5      | Noticed koorschki's ghost (novice DsHu)
  5061 | D:5      | Found a transporter.
  5061 | D:5      | Identified the +5 dire flail "Gicuss" {freeze, rN+ Int+2}
  5563 | D:5      | Found a blossoming altar of Fedhas.
  5645 | D:5      | Found a transporter.
  5647 | D:5      | Found a transporter.
  6047 | D:6      | Reached skill level 5 in Spellcasting
  6047 | D:6      | Reached skill level 7 in Alchemy
  6310 | D:6      | Learned a level 4 spell: Iskenderun's Mystic Blast
  6502 | D:6      | Reached * piety under Fedhas
  6645 | D:6      | Reached skill level 1 in Polearms
  6727 | D:6      | Found a runed translucent door.
  6730 | D:6      | Noticed flt's ghost (weakling OnDe)
  6743 | D:6      | Killed flt's ghost
  6759 | D:6      | Reached skill level 1 in Translocations
  6977 | D:6      | Found a staircase to the Ecumenical Temple.
  6994 | Temple   | Entered the Ecumenical Temple
  7366 | D:7      | Reached XP level 9. HP: 40/52 MP: 13/16
  8212 | D:8      | Reached ** piety under Fedhas
  8223 | D:8      | Reached skill level 5 in Stealth
  8290 | D:8      | HP: 1/78 [warg (10)]
  8290 | D:8      | Slain by a warg

Illustrated notes

Levels and vault maps discovered:
D:1:      eino_arrival_water_star, layout_basic,
          shapermc_ecumenical_altar_mp_highgroup
D:2:      layout_basic
D:3:      layout_basic, minmay_overflow_temple_hex
D:4:      layout_basic, serial_shops, nicolae_shop_gibbet_a_chance
D:5:      layout_gridville, fedhas_altar_2, gammafunk_ghost_smash, uniq_edmund,
          uniq_sigmund
D:6:      layout_loops_ring, minmay_temple_entry_stoned_glass, serial_demonic,
          serial_demonic_f, serial_demonic_f, serial_demonic_f,
          serial_demonic_d, serial_demonic_a, serial_demonic_c,
          hellmonk_ghost_happy_afterlife, minmay_holes
D:7:      layout_basic, hex_medium, amcnicky_mini_corridor_feature,
          nicolae_the_louvre
D:8:      layout_loops_ring, erik_lair_orcish_takeover,
          serial_library_regret_index_multi, nicolae_blasting_shop,
          grunt_ogre_cave, kennysheep_minor_cross, minmay_misc_feat_five,
          uniq_psyche, uniq_maggie
Temple:   nicolae_temple_panitentiary

Skill      XL: |  1  2  3  4  5  6  7  8  9 |
---------------+----------------------------+-----
Stealth        | 3 4 5 |  5.0
Conjurations   | 2 3 4 |  4.9
Alchemy        | 4 5 6 7 |  7.8
Spellcasting   | 3 4 5 |  5.6
Air Magic      | 1 2 |  2.2
Invocations    | 2 |  2.9
Polearms       | 1 3 |  3.2
Translocations | 1 2 |  2.0
Fighting       | |  0.7
Dodging        | |  2.8
Unarmed Combat | |  0.5
Evocations     | |  0.5

Action                     |  1- 3 |  4- 6 |  7- 9 || total
---------------------------+-------+-------+-------++-------
  Melee: Unarmed           |    14 |    12 |     8 ||    34
         Tentacles         |     8 |     3 |    15 ||    26
         Constrict         |     4 |     8 |    20 ||    32
         Halberd           |       |       |    74 ||    74
   Cast: Sting             |    67 |    62 |    52 ||   181
         Mephitic Cloud    |     2 |    12 |    25 ||    39
         Olgreb's Toxic Ra |       |       |    17 ||    17
 Invoke: Wall of Briars    |       |       |     1 ||     1
  Evoke: Wand              |       |       |    13 ||    13
    Use: Scroll            |       |       |    12 ||    12
         Potion            |       |       |     7 ||     7
   Stab: Sleeping          |       |     1 |       ||     1
         Confused          |       |       |     6 ||     6
 Armour: Skin              |     8 |     4 |    58 ||    70
  Dodge: Dodged            |     9 |     9 |    69 ||    87
  Block: Other             |       |       |     6 ||     6
         Reflection        |       |       |     1 ||     1

Table legend: (Time is in decaauts)
 A = Elapsed time spent in this place.
 B = Non-inter-level travel time spent in this place.
 C = Inter-level travel time spent in this place.
 D = Time resting spent in this place.
 E = Time spent auto-exploring this place.
 F = Levels seen in this place.
 G = Mean time per level.
                   A        B        C        D        E       F      G
               +--------+--------+--------+--------+--------+-----+--------+
         Total |   8309 |   7997 |    312 |    172 |   6608 |   9 |  923.2 |
       Dungeon |   8307 |   7995 |    312 |    172 |   6608 |   8 | 1038.4 |
        Temple |      1 |      1 |      0 |      0 |      0 |   1 |    1.0 |
               +--------+--------+--------+--------+--------+-----+--------+

Top non-repeatable levels by time:
     D:4: 1465 daAuts
     D:5: 1347 daAuts
     D:6: 1196 daAuts
     D:3: 1159 daAuts
     D:7: 1098 daAuts
     D:2: 1013 daAuts
     D:1: 984 daAuts
     D:8: 42 daAuts
  Temple: 1 daAuts
